 Dungeon Crawl Stone Soup version 0.29-a0-266-gf56f883ddd (webtiles) character file.

Game seed: 3265001248341771295

1741064 FizzleBang the Hoplite (level 27, 245/245 HPs)
             Began as a Formicid Fighter on Mar 6, 2022.
             Was the Champion of Okawaru.
             Escaped with the Orb
             ... and 3 runes on Mar 7, 2022!
             The game lasted 07:32:17 (63021 turns).

FizzleBang the Hoplite (Formicid Fighter)          Turns: 63021, Time: 07:32:18

Health: 245/245    AC: 42    Str: 36    XL:     27
Magic:  32/32      EV: 20    Int: 12    God:    Okawaru [******]
Gold:   2091       SH: 38    Dex: 18    Spells: 25/38 levels left

rFire   + + .      SeeInvis +   a - +9 lajatang (speed)
rCold   . . .      Faith    .   K - +14 tower shield of the Poles {+Inv Regen+ Str+2}
rNeg    + + +      Spirit   .   B - +7 pearl dragon scales of Unic {rElec rN+ Regen+}
rPois   +          Reflect  .   (helmet unavailable)
rElec   +          Harm     .   G - +3 cloak of Entitlement {Str+9 Int-2}
rCorr   .          Rampage  .   h - +2 pair of gloves {Stlth+}
Will    ++++.                   s - +0 pair of boots of the Hidden Vale {rPois rF+ rN+ Will+}
Stlth   +.........              N - amulet of Vitality {Regen+ HP+15}
HPRegen 2.90/turn               Y - ring of the Narrow Sultana {Will+ AC+4 Slay+3}
MPRegen 0.23/turn               o - ring "Tojedof" {rF+ rN+ Int+2 Dex+4 Slay+5}

@: studying Ice Magic
A: permanent stasis, dig shafts and tunnels, antennae 3, four strong arms,
hooves 1, dopey 1
0: Orb of Zot
}: 3/15 runes: barnacled, silver, gossamer
a: Dig, Shaft Self, Renounce Religion, Evoke Invisibility, Heroism, Finesse,
Duel


You escaped.
You worshipped Okawaru.
Okawaru was exalted by your worship.
You visited 10 branches of the dungeon, and saw 49 of its levels.
You visited the Abyss 1 time.
You visited 1 bazaar.
You also visited: Sewer, Ossuary, Gauntlet and Desolation.

You collected 8824 gold pieces.
You spent 6733 gold pieces at shops.

Inventory:

Hand Weapons
 a - a +9 lajatang of speed (weapon)
 b - the +11 shortbow "Ehirchoe" {speed, Will+}
   (You took it off an orc warrior on level 7 of the Dungeon)

   Attacks with this weapon are significantly faster.
   Will:      It increases your willpower.
Missiles
 f - 40 silver javelins (quivered)
 k - 38 curare-tipped darts {!f}
 m - 2 boomerangs of dispersal
 H - 14 throwing nets
Armour
 h - a +2 pair of gloves of stealth (worn)
 s - the +0 pair of boots of the Hidden Vale (worn) {rPois rF+ rN+ Will+}
   (Okawaru gifted it to you on level 5 of the Vaults)

   rF:        It protects you from fire.
   rPois:     It protects you from poison.
   rN:        It protects you from negative energy.
   Will:      It increases your willpower.
 B - the +7 pearl dragon scales of Unic (worn) {rElec rN+ Regen+}
   (You found it on level 3 of the Elven Halls)

   rElec:     It insulates you from electricity.
   rN:        It protects you from negative energy.
   Regen:     It increases your rate of health regeneration.
 G - the +3 cloak of Entitlement (worn) {Str+9 Int-2}
   (Okawaru gifted it to you in the Desolation of Salt)

   Str:       It affects your strength (+9).
   Int:       It affects your intelligence (-2).
 K - the +14 tower shield of the Poles (worn) {+Inv Regen+ Str+2}
   (Okawaru gifted it to you on level 4 of the Spider Nest)

   Str:       It affects your strength (+2).
   +Inv:      It lets you turn invisible.
   Regen:     It increases your rate of health regeneration.
Jewellery
 o - the ring "Tojedof" (right hand) {rF+ rN+ Int+2 Dex+4 Slay+5}
   (You found it on level 7 of the Dungeon)

   [ring of protection from fire]

   Int:       It affects your intelligence (+2).
   Dex:       It affects your dexterity (+4).
   Slay:      It affects your accuracy & damage with ranged weapons and melee
   (+5).
   rF:        It protects you from fire.
   rN:        It protects you from negative energy.
 N - the amulet of Vitality (around neck) {Regen+ HP+15}
   (You bought it in a shop on level 3 of the Shoals)

   [amulet of regeneration]

   HP:        It affects your health (+15).
   Regen:     It increases your rate of health regeneration.
 T - a ring of resist corrosion
 Y - the ring of the Narrow Sultana (left hand) {Will+ AC+4 Slay+3}
   (You took it off a deep elf annihilator on level 3 of the Elven Halls)

   [ring of protection]

   AC:        It affects your AC (+4).
   Slay:      It affects your accuracy & damage with ranged weapons and melee
   (+3).
   Will:      It increases your willpower.
Wands
 d - a wand of acid (5)
 i - a wand of mindburst (23)
 r - a wand of paralysis (1)
 t - a wand of polymorph (34)
 v - a wand of digging (2)
 P - a wand of iceblast (36)
Scrolls
 p - 8 scrolls of immolation
 x - 9 scrolls of fear
 D - 6 scrolls of vulnerability
 E - 5 scrolls of silence
 I - a scroll of holy word
 J - 11 scrolls of fog
 Q - a scroll of magic mapping
 X - 6 scrolls of enchant armour
Potions
 e - 10 potions of flight
 l - 25 potions of curing
 n - 4 potions of magic
 q - 16 potions of lignification
 u - 3 potions of might
 w - 10 potions of heal wounds
 z - 8 potions of attraction
 A - a potion of invisibility
 C - 7 potions of brilliance
 F - 8 potions of ambrosia
 L - 8 potions of cancellation
 U - 9 potions of mutation
Miscellaneous
 c - a lightning rod (4/4)
 g - a phial of floods
 O - a condenser vane
 R - a tin of tremorstones (2/2)


   Skills:
 + Level 21.6 Fighting
 - Level 14.0 Staves
 - Level 16.0 Bows
 - Level 13.6 Throwing
 + Level 22.1 Armour
 + Level 16.2 Dodging
 - Level 23.5 Shields
 - Level 6.0 Spellcasting
 - Level 14.4 Translocations
 - Level 9.5 Transmutations
 - Level 13.0 Invocations
 - Level 15.0 Evocations


You had 25 spell levels left.
You knew the following spells:

 Your Spells              Type           Power      Damage    Failure   Level
a - Wereblood             Tmut           26%        N/A       1%          2
b - Apportation           Tloc           76%        N/A       1%          1
c - Passage of Golubria   Tloc           38%        N/A       1%          4
d - Dispersal             Tloc           19%        N/A       14%         6

Your spell library contained the following spells:

 Spells                   Type           Power      Damage    Failure   Level
 Beastly Appendage        Tmut           52%        N/A       1%          1
 Gell's Gravitas          Tloc           38%        N/A       1%          3
 Teleport Other           Tloc           38%        N/A       1%          3
 Sting                    Tmut/Pois      60%        1d6       4%          1
 Portal Projectile        Hex/Tloc       40%        N/A       5%          3
 Blade Hands              Tmut           13%        N/A       21%         5
 Ignite Poison            Fire/Tmut/Pois 11%        N/A       28%         3
 Foxfire                  Conj/Fire      12%        2x1d4     34%         1
 Freeze                   Ice            12%        1d4       34%         1
 Magic Dart               Conj           12%        1d3       34%         1
 Shock                    Conj/Air       12%        1d3       34%         1
 Slow                     Hex            12%        N/A       34%         1
 Ice Form                 Ice/Tmut       15%        N/A       45%         4
 Corpse Rot               Necr/Air       6%         N/A       47%         2
 Ensorcelled Hibernation  Hex/Ice        6%         N/A       47%         2
 Poisonous Vapours        Pois/Air       6%         N/A       47%         2
 Scorch                   Fire           6%         2d5       47%         2
 Static Discharge         Conj/Air       3%         N/A       47%         2
 Sublimation of Blood     Necr           3%         N/A       47%         2
 Confusing Touch          Hex            3%         N/A       71%         3
 Conjure Flame            Conj/Fire      3%         6-21      71%         3
 Frozen Ramparts          Ice            6%         1d2       71%         3
 Mephitic Cloud           Conj/Pois/Air  3%         N/A       71%         3
 Ozocubu's Armour         Ice            3%         N/A       71%         3
 Vampiric Draining        Necr           3%         2d6       71%         3
 Alistair's Intoxication  Tmut/Pois      10%        N/A       80%         5
 Yara's Violent Unravell  Hex/Tmut       7%         3d5       80%         5
 Anguish                  Hex/Necr       1%         N/A       98%         4
 Dispel Undead            Necr           3%         3d7       98%         4
 Hailstorm                Conj/Ice       3%         3d3       98%         4
 Leda's Liquefaction      Hex/Erth       1%         N/A       98%         4
 Olgreb's Toxic Radiance  Pois           3%         N/A       98%         4
 Sticky Flame             Conj/Fire      3%         2d3       98%         4
 Disjunction              Tloc           19%        N/A       99%         8
 Agony                    Necr           3%         N/A       100%        5
 Borgnjor's Vile Clutch   Necr/Erth      1%         N/A       100%        5
 Excruciating Wounds      Necr           1%         N/A       100%        5
 Freezing Cloud           Conj/Ice/Air   1%         6-21      100%        5
 Lee's Rapid Deconstruct  Erth           1%         3d5*      100%        5
 Lightning Bolt           Conj/Air       1%         1d12      100%        5
 Metabolic Englaciation   Hex/Ice        1%         N/A       100%        5
 Silence                  Hex/Air        1%         N/A       100%        5
 Conjure Ball Lightning   Conj/Air       1%         3x3d6     100%        6
 Eringya's Noxious Bog    Tmut/Pois      7%         N/A       100%        6
 Iron Shot                Conj/Erth      1%         9d1       100%        6
 Starburst                Conj/Fire      1%         6d3       100%        6
 Statue Form              Tmut/Erth      10%        N/A       100%        6
 Enfeeble                 Hex            1%         N/A       100%        7
 Ozocubu's Refrigeration  Ice            1%         4d5       100%        7
 Storm Form               Tmut/Air       7%         N/A       100%        7
 Borgnjor's Revivificati  Necr           1%         N/A       100%        8
 Discord                  Hex            1%         N/A       100%        8
 Ignition                 Fire           1%         3d3       100%        8
 Lehudib's Crystal Spear  Conj/Erth      1%         10d2      100%        8
 Maxwell's Capacitive Co  Air            1%         ∞         100%        8
 Necromutation            Tmut/Necr      7%         N/A       100%        8
 Chain Lightning          Conj/Air       1%         3d2       100%        9
 Fire Storm               Conj/Fire      1%         8d1       100%        9
 Shatter                  Erth           1%         3d6*      100%        9
 Animate Skeleton         Necr           Unusable   N/A       N/A         1
 Summon Small Mammal      Summ           Unusable   N/A       N/A         1
 Summon Forest            Summ/Tloc      Unusable   N/A       N/A         5
 Call Imp                 Summ           Unusable   N/A       N/A         2
 Call Canine Familiar     Summ           Unusable   N/A       N/A         3
 Summon Guardian Golem    Hex/Summ       Unusable   N/A       N/A         3
 Tukima's Dance           Hex            Unusable   N/A       N/A         3
 Animate Armour           Summ/Erth      Unusable   N/A       N/A         4
 Summon Ice Beast         Ice/Summ       Unusable   N/A       N/A         4
 Summon Lightning Spire   Summ/Air       Unusable   N/A       N/A         4
 Death Channel            Necr           Unusable   N/A       N/A         6
 Simulacrum               Ice/Necr       Unusable   N/A       N/A         6
 Summon Cactus Giant      Summ           Unusable   N/A       N/A         6
 Haunt                    Necr/Summ      Unusable   N/A       N/A         7
 Summon Hydra             Summ           Unusable   N/A       N/A         7

Dungeon Overview and Level Annotations

Branches:
Dungeon (15/15)            Temple (1/1) D:5            Lair (6/6) D:8
 Shoals (4/4) Lair:3       Spider (4/4) Lair:2        Slime (0/5) Lair:6
    Orc (2/2) D:10            Elf (3/3) Orc:2        Vaults (5/5) D:14
  Crypt (0/3) Vaults:2     Depths (4/4) D:15            Zot (5/5) Depths:4
  Sewer (visited)         Ossuary (visited)         Desolation (visited)
Gauntlet (visited)

Altars:
Ashenzari
Cheibriados
Dithmenos
Elyvilon
Fedhas
Gozag
Hepliaklqana
Kikubaaqudgha
Makhleb
Nemelex Xobeh
Okawaru
Qazlal
Ru
Sif Muna
Trog
Uskayaw
Vehumet
Wu Jian
Xom
Yredelemnul
Zin
The Shining One

Shops:
D:13 [   Orc:1 *   Orc:2 *:[(*   Elf:1 :=*!   Shoals:3 =   Shoals:4 :
Vaults:1 ?   Depths:1 =:=

Portals:
Hell: Depths:1 Depths:2 Depths:3 Depths:4
Abyss: Depths:3 Depths:4
Pandemonium: Depths:2 Depths:3 Depths:4
Ziggurat: Depths:1
Trove: Vaults:3 (give 2 scrolls of acquirement)

Annotations:
D:10 1 runed translucent door
Elf:2 3 runed translucent doors
Vaults:4 3 runed translucent doors, Xucon's ghost, adept DDBe
Depths:1 Boris


Innate Abilities, Weirdness & Mutations

You cannot be hasted, slowed, berserked, paralysed or teleported.
You can dig through walls and to a lower floor.
You have a pair of large antennae on your head. (SInv)
Your four strong arms can wield two-handed weapons with a shield.
You have large cloven feet.
You are dopey. (Int -2)


Message History

You climb upwards.
Level annotation: 1 runed translucent door
There is a stone staircase leading down here.
There is an escape hatch in the ceiling here.
A mysterious force pulls you upwards. The hatch slams shut behind you.
You see here a +0 club.
You see here a +0 halberd of protection.
Things that are here:
a +0 spear; a +0 leather armour; a +0 club
Things that are here:
a +0 robe; a +0 dagger
There is a stone staircase leading up here.
You climb upwards.
There is a stone staircase leading down here.
You sense a monster nearby.
A hell hog comes into view.
The hell hog breathes fire at you.
The fireball explodes!
The fireball engulfs you. You resist.
Things that are here:
a +0 ring mail; a +2 spear of flaming You see here a +0 flail.
There is a stone staircase leading up here.
You climb upwards.
There is a stone staircase leading down here.
Aiming: Dig
Press: ? - help, Shift-Dir - straight line A rock wall.
This square is covered in magical glow.
The rock shatters into small pieces.
An Orb Guardian comes into view.
You block the Orb Guardian's attack. You block the Orb Guardian's attack.
You block the Orb Guardian's attack.
Things that are here:
a +0 leather armour; a +0 short sword The Orb Guardian attacks as you move away!
You block the Orb Guardian's attack. The Orb Guardian misses you.
The Orb Guardian attacks as you move away!
You block the Orb Guardian's attack. You block the Orb Guardian's attack.
The Orb Guardian attacks as you move away!
You block the Orb Guardian's attack. You block the Orb Guardian's attack.
There is a stone staircase leading up here.
You closely miss the Orb Guardian. You block the Orb Guardian's attack.
You closely miss the Orb Guardian. You slice the Orb Guardian!!
The Orb Guardian is moderately wounded.
You block the Orb Guardian's attack.
You closely miss the Orb Guardian.
The Orb Guardian is moderately wounded.
You block the Orb Guardian's attack.
You slice the Orb Guardian!!
The Orb Guardian is heavily wounded.
You block the Orb Guardian's attack.
You hit the Orb Guardian.
The Orb Guardian is severely wounded.
You slice the Orb Guardian like a ripe choko!!!
You kill the Orb Guardian!
Okawaru accepts your kill.
You climb upwards.
There is a stone staircase leading down here.
There is an escape hatch in the ceiling, spattered with blood here.
A mysterious force pulls you upwards. The hatch slams shut behind you.
Things that are here:
a +0 robe; a +3 short sword
There is a stone staircase leading up here.
You climb upwards.
There is a stone staircase leading down here.
There is a stone staircase leading up here.
You climb upwards.
There is a stone staircase leading down here.
Aiming: Dig
Press: ? - help, Shift-Dir - straight line A rock wall.
This square is covered in magical glow.
The rock shatters into small pieces.
A toenail golem comes into view.
You see here a +0 club.
There is a stone staircase leading up here.
You climb upwards.
There is a stone staircase leading down here.
Aiming: Dig
Press: ? - help, Shift-Dir - straight line A rock wall.
This square is covered in magical glow.
Okay, then.
Okay, then.
Things that are here:
a +0 club; a goblin skeleton; a hobgoblin skeleton You see here a +0 club.
There is a stone staircase leading up here.
You climb upwards.
There is a stone staircase leading down here.
Things that are here:
5 stones; a +0 short sword
There is an open door here.
There is a staircase leading out of the dungeon here.
You have escaped!

#..........#
........#.##
..........#
..######### ###
###########
#####Z#Z#Z#Z#^#
##Z#Z############
Z#####..........##
##..............@#
...#######......##
####Z#Z#Z########
Z#Z#######Z#^#Z#
#### ####### ###
######## ..#
#......#
#.#######.####.#
#.........# #.####


You could see a demigod skeleton.

Vanquished Creatures
  3 dread liches (Zot:5)
  2 orbs of fire (Zot:5)
  2 ancient liches
  Boris (Depths:1)
  5 Killer Klowns
  Saint Roka (Vaults:5)
  2 curse toes (Zot:4)
  4 golden dragons
  Nikola (Spider:4)
  2 bone dragons (Zot:4)
  2 electric golems
  Jorgrun (Elf:1)
  12 tentacled monstrosities
  24 Orb Guardians
  Rupert (D:13)
  Mlioglotl (Spider:2)
  A shard shrike skeleton (Abyss:4)
  8 titans
  3 liches
  4 quicksilver dragons
  A deep elf master archer (Elf:3)
  2 deep elf blademasters (Elf:3)
  A walking frostbound tome (Depths:3)
  Frances (Spider:2)
  Agnes (Elf:2)
  A tentacled starspawn (Abyss:4)
  5 sphinxes
  An Executioner (Abyss:4)
  11 death cobs
  9 shadow dragons
  3 krakens
  Polyphemus (Shoals:3)
  12 storm dragons
  A storm dragon (shapeshifter) (Depths:2)
  8 tengu reavers
  Donald (Elf:1)
  Roxanne (D:15)
  3 draconian monks
  6 deep elf sorcerers
  3 draconian knights
  2 iron dragons (Vaults:4)
  5 imperial myrmidons
  An emperor scorpion (Spider:4)
  2 orc warlords
  Louise (Depths:3)
  8 frost giants
  8 deep elf elementalists
  11 fire giants
  A balrug (Depths:2)
  10 draconian shifters
  27 vault wardens
  5 draconian annihilators
  A juggernaut zombie (Depths:2)
  6 ghost moths
  A draconian stormcaller (Zot:1)
  4 draconian scorchers
  3 spriggan defenders
  A caustic shrike zombie (D:15)
  3 reapers
  A broodmother (shapeshifter) (Vaults:4)
  21 ironbound preservers
  14 stone giants
  3 war gargoyles
  2 broodmothers
  22 very ugly things
  9 ironbound thunderhulks
  6 black draconians
  5 vampire knights (Depths:3)
  10 green draconians
  7 purple draconians
  9 deep elf annihilators
  11 white draconians
  8 entropy weavers
  9 spark wasps
  5 yellow draconians
  A minotaur (Gauntlet)
  12 dire elephants
  15 red draconians
  A blizzard demon (Abyss:4)
  3 merfolk javelineers
  4 deep elf death magi (Elf:3)
  8 ettins
  3 crystal guardians (Vaults:3)
  8 fire dragons
  4 merfolk impalers
  7 ragged hierophants (Desolation)
  The ghost of dolemite99 the Grappler, a journeyman TrFi of Xom (D:11)
  4 great orbs of eyes
  Harold (D:7)
  10 servants of whispers (Desolation)
  4 deep elf high priests
  Josephine (D:15)
  4 catoblepae
  9 boulder beetles
  8 hydras
  13 yaktaur captains
  3 rakshasas
  7 merfolk avatars
  13 peacekeepers
  39 vault guards
  12 centaur warriors
  12 spriggan air magi
  5 jorogumos
  6 radroaches
  A hell beast (Depths:4)
  7 ice dragons
  7 merfolk aquamancers
  8 ogre magi
  3 alligator snapping turtles
  9 ironbound frosthearts
  4 death knights
  19 two-headed ogres
  4 satyrs (Shoals:4)
  11 dancing weapons
  A death scarab (Spider:1)
  7 deep troll shamans
  3 vampire magi
  4 tengu warriors
  10 death yaks
  11 deep troll earth magi
  4 soul eaters (Zot:4)
  A thrashing horror (Abyss:4)
  7 spriggans
  A shock serpent (shapeshifter) (Depths:2)
  Nergalle (Lair:4)
  8 spriggan berserkers
  8 hell knights
  Sonja (Lair:3)
  2 sun moths
  10 deep elf knights
  2 wretched stars (Abyss:4)
  A fire crab (shapeshifter) (D:11)
  2 fire crabs (Shoals:1)
  6 pharaoh ants
  A storm dragon zombie (Zot:4)
  4 skeletal warriors (D:15)
  8 iron trolls
  5 large abominations (Abyss:4)
  A flayed ghost (Depths:1)
  Amaemon (Lair:4)
  A goliath frog (shapeshifter) (Depths:2)
  16 sea snakes
  5 glowing orange brains
  A golden dragon zombie (D:15)
  A steelbarb worm (shapeshifter) (Depths:1)
  69 deep trolls
  An obsidian statue (Zot:5)
  A death drake (Zot:4)
  2 tengu zombies
  9 deep elf archers
  A spriggan simulacrum (Depths:2)
  2 steelbarb worms (Spider:4)
  A shadow dragon zombie (D:15)
  13 starcursed masses (Abyss:4)
  9 orb spiders
  9 wizards
  4 phantasmal warriors
  33 harpies
  10 orc knights
  29 wolf spiders
  9 lindwurms
  15 deep elf zephyrmancers
  26 ironbound convokers
  55 ugly things
  A tengu skeleton (Vaults:3)
  18 deep elf pyromancers
  6 orc sorcerers
  16 fauns
  A faun (shapeshifter) (D:14)
  11 necromancers
  A frost giant zombie (Depths:2)
  14 cyclopes
  15 manticores
  17 moths of wrath
  A guardian serpent (shapeshifter) (Depths:2)
  A stone giant skeleton (Vaults:2)
  4 water nymphs
  5 guardian serpents
  A gargoyle (D:7)
  15 vault sentinels
  8 elephants
  An apocalypse crab (Gauntlet)
  5 torpor snails
  A frost giant skeleton (Depths:2)
  12 black mambas
  16 merfolk sirens
  2 molten gargoyles (Desolation)
  A storm dragon simulacrum (Depths:2)
  Maggie (D:7)
  An eye of devastation (shapeshifter) (D:11)
  4 orange demons
  2 unseen horrors (shapeshifter)
  3 minotaur zombies (Gauntlet)
  12 cane toads
  8 demonic crawlers
  A kobold demonologist (D:10)
  31 yaktaurs
  19 rime drakes
  2 efreet
  11 komodo dragons
  An unseen horror (D:12)
  A tormentor (Zot:5)
  3 freezing wraiths
  A hellwing (Abyss:4)
  2 tengu conjurers
  2 yaktaur skeletons (Vaults:1)
  A polar bear (shapeshifter) (Vaults:5)
  2 human skeletons
  2 red devils (D:11)
  16 trolls
  29 merfolk
  A polar bear (Lair:5)
  A meliai (shapeshifter) (Depths:3)
  A raiju (Elf:1)
  74 saltlings
  9 wind drakes
  A slime creature (shapeshifter) (Vaults:5)
  17 dream sheep
  13 hornets
  26 tarantellas
  Grinder (D:4)
  6 blink frogs (Lair:6)
  27 slime creatures
  10 snapping turtles
  An elf zombie (Vaults:2)
  29 culicivoras
  3 shadows
  A vampire (D:11)
  17 wyverns
  6 air elementals
  2 ettin skeletons
  31 jumping spiders
  2 jumping spiders (shapeshifter)
  An elf simulacrum (Vaults:3)
  33 water elementals
  A ynoxinul (Abyss:4)
  A fire bat (Shoals:1)
  Eustachio (D:5)
  9 basilisks
  A golden eye (shapeshifter) (Vaults:5)
  A human (shapeshifter) (D:11)
  40 yaks
  9 wraiths
  10 vampire mosquitoes
  2 fire elementals
  66 redbacks
  6 steam dragons (Lair:5)
  3 neqoxecs (D:11)
  2 chaos spawn (Abyss:4)
  Menkaure (D:7)
  A swamp worm (shapeshifter) (D:11)
  2 wargs
  An acid dragon (D:11)
  2 human zombies
  25 water moccasins
  29 orc warriors
  3 ice beasts
  3 black bears
  An ettin simulacrum (Vaults:1)
  A swamp drake (D:10)
  3 sky beasts
  7 wolves (Lair:6)
  25 ogres
  A tengu (shapeshifter) (Depths:4)
  5 boggarts (D:12)
  15 centaurs
  2 phantoms
  The ghost of PaleWalker the Bolt Thrower, an amateur KoHu of Xom (D:3)
  14 bullfrogs
  4 gnoll sergeants
  3 earth elementals
  2 necrophages
  4 water moccasin zombies (Ossuary)
  A scorpion (D:6)
  5 wights
  3 small abominations (Abyss:4)
  6 howler monkeys
  4 electric eels
  8 crimson imps (D:10)
  2 hounds
  4 gnoll shamans
  A jelly (D:6)
  13 orc priests
  Crazy Yiuf (D:5)
  Terence (D:2)
  7 iguanas
  27 orc wizards
  A centaur simulacrum (D:3)
  3 mummies
  Robin (D:3)
  12 adders
  30 gnolls
  2 river rats (D:4)
  2 hound simulacra (D:3)
  3 shadow imps (Gauntlet)
  2 white imps
  4 ufetubi
  6 adder zombies (Ossuary)
  2 worms
  2 dart slugs (D:1)
  86 orcs
  9 ball pythons
  19 endoplasms
  12 giant cockroaches
  2 gnoll zombies (Ossuary)
  16 goblins
  5 hobgoblins
  5 jackals
  7 kobolds
  8 quokkas
  5 bats
  7 frilled lizards
  2 giant cockroach simulacra (D:3)
  2 goblin zombies (D:4)
  5 hobgoblin zombies (Ossuary)
  6 kobold zombies (Ossuary)
  2 orc zombies (Ossuary)
  A quokka simulacrum (D:3)
  5 rats
  11 tentacles
2433 creatures vanquished.

Vanquished Creatures (others)
  A vault warden (Vaults:5)
  A very ugly thing (Vaults:5)
  A broodmother (Spider:4)
  A vault guard (Vaults:5)
  2 orc warriors (Vaults:5)
  An orc wizard (Vaults:5)
  A bush (Lair:2)
  85 fungi
  253 plants
  2 starspawn tentacles (Abyss:4)
  23 tentacles
  6 withered plants
377 creatures vanquished.

Grand Total: 2810 creatures vanquished

Notes
Turn   | Place    | Note
-------+----------+-------------------------------------------
     0 | D:1      | FizzleBang the Formicid Fighter began the quest for the
                  | Orb.
     0 | D:1      | Reached XP level 1. HP: 18/18 MP: 1/1
   316 | D:1      | Reached XP level 2. HP: 17/24 MP: 2/2
   873 | D:1      | Reached XP level 3. HP: 26/29 MP: 3/3
  1244 | D:2      | Found a faded altar of an unknown god.
  1390 | D:2      | Noticed Terence
  1410 | D:2      | Killed Terence
  1411 | D:2      | Reached XP level 4. HP: 21/35 MP: 4/4
  1724 | D:2      | Noticed a necrophage
  1741 | D:2      | Killed a necrophage
  1742 | D:2      | Reached skill level 5 in Staves
  1742 | D:2      | Reached XP level 5. HP: 39/41 MP: 5/5
  2135 | D:3      | Noticed Robin
  2318 | D:3      | Killed Robin
  2404 | D:3      | Found a runed translucent gate.
  2404 | D:3      | Found a runed translucent gate.
  2404 | D:3      | Found a runed translucent gate.
  2552 | D:3      | Noticed PaleWalker's ghost (amateur KoHu)
  2915 | D:4      | Found a sand-covered staircase.
  2921 | D:4      | Reached XP level 6. HP: 47/47 MP: 6/6
  2924 | Ossuary  | Entered an ossuary
  3009 | Ossuary  | Reached skill level 1 in Evocations
  3131 | Ossuary  | Reached XP level 7. HP: 55/55 MP: 7/7
  3382 | D:4      | Reached skill level 5 in Fighting
  3467 | D:4      | Found a glowing drain.
  3473 | Sewer    | Entered a sewer
  3727 | Sewer    | Reached XP level 8. HP: 56/63 MP: 8/8
  4215 | D:4      | Noticed Grinder
  4260 | D:4      | Killed Grinder
  4261 | D:4      | Reached skill level 5 in Evocations
  4467 | D:4      | Reached skill level 1 in Throwing
  4979 | D:5      | Entered Level 5 of the Dungeon
  5294 | D:5      | Found a staircase to the Ecumenical Temple.
  5303 | D:5      | Reached XP level 9. HP: 72/72 MP: 9/9
  5311 | Temple   | Entered the Ecumenical Temple
  5417 | Temple   | Became a worshipper of Warmaster Okawaru
  5784 | D:5      | Found a runed translucent door.
  5785 | D:5      | Noticed Crazy Yiuf
  5792 | D:5      | Killed Crazy Yiuf
  5841 | D:5      | Noticed Eustachio
  5863 | D:5      | Killed Eustachio
  6191 | D:5      | Got the Almanac of Transformation and the Glacier
  6228 | D:5      | Reached * piety under Okawaru
  6344 | D:5      | Reached skill level 1 in Invocations
  7379 | D:6      | Reached XP level 10. HP: 56/79 MP: 12/12
  7817 | D:6      | Found a snail-covered altar of Cheibriados.
  7839 | D:6      | Found a broken altar of Ashenzari.
  7861 | D:6      | Reached ** piety under Okawaru
  7862 | D:6      | Reached skill level 10 in Fighting
  7991 | D:6      | Found a sacrificial altar of Ru.
  8706 | D:7      | Noticed a boulder beetle
  8706 | D:7      | Noticed a komodo dragon
  8750 | D:7      | Killed a komodo dragon
  8756 | D:8      | Noticed a komodo dragon
  8756 | D:8      | Found a staircase to the Lair.
  8768 | D:7      | Killed a boulder beetle
  8768 | D:7      | Reached *** piety under Okawaru
  9082 | D:7      | Reached skill level 5 in Armour
  9231 | D:7      | Identified the +11 shortbow "Ehirchoe" {speed, Will+}
  9451 | D:7      | Noticed a manticore
  9471 | D:7      | Killed a manticore
  9472 | D:7      | Reached XP level 11. HP: 81/93 MP: 14/14
  9534 | D:7      | Identified the ring "Tojedof" {rF+ rN+ Int+2 Dex+4 Slay+5}
  9545 | D:7      | Noticed a four-headed hydra
  9555 | D:7      | Killed a four-headed hydra
  9555 | D:7      | Reached **** piety under Okawaru
  9555 | D:7      | Noticed Menkaure
  9557 | D:7      | Killed Menkaure
  9790 | D:7      | Noticed a cyclops
  9806 | D:7      | Killed a cyclops
  9807 | D:7      | Reached skill level 5 in Bows
  9826 | D:7      | Found a broken altar of Ashenzari.
  9827 | D:7      | Found an iron altar of Okawaru.
  9828 | D:7      | Found a snail-covered altar of Cheibriados.
  9828 | D:7      | Found a white marble altar of Elyvilon.
  9853 | D:7      | You fall into a shaft and drop 1 floor!
  9863 | D:8      | Identified the +1 cloak of Servitude {+Inv rF- rCorr Int+5}
  9981 | D:7      | Noticed Maggie
  9986 | D:7      | Noticed Harold
 10003 | D:7      | Killed Maggie
 10003 | D:7      | Received a gift from Okawaru
 10033 | D:7      | Killed Harold
 10076 | D:7      | Noticed a two-headed ogre
 10076 | D:7      | Noticed a two-headed ogre
 10086 | D:7      | Killed a two-headed ogre
 10086 | D:7      | Received a gift from Okawaru
 10086 | D:7      | Killed a two-headed ogre
 10086 | D:7      | Received a gift from Okawaru
 10086 | D:7      | Reached ***** piety under Okawaru
 10408 | D:7      | Noticed a green ugly thing
 10419 | D:7      | Killed a white ugly thing
 10420 | D:7      | Reached skill level 5 in Invocations
 10547 | D:7      | Got the Guide on Confrontation
 10739 | D:7      | Found an ancient bone altar of Kikubaaqudgha.
 10853 | D:7      | Reached XP level 12. HP: 100/100 MP: 16/16
 11251 | D:8      | Received a gift from Okawaru
 12487 | D:9      | Found a glowing golden altar of the Shining One.
 12507 | D:9      | Found a stormy altar of Qazlal.
 12518 | D:9      | Identified the +1 ring mail of Duty {rF++ rC- Will+}
 12838 | D:9      | Found a bloodstained altar of Trog.
 13023 | D:10     | Entered Level 10 of the Dungeon
 13317 | D:10     | Received a gift from Okawaru
 13445 | D:10     | Found a runed translucent door.
 13446 | D:10     | Found a burning altar of Makhleb.
 13446 | D:10     | Noticed a sixfirhy
 13553 | D:10     | Found a staircase to the Orcish Mines.
 13937 | D:11     | Received a gift from Okawaru
 14173 | D:11     | Reached skill level 10 in Invocations
 14177 | D:11     | Noticed a boulder beetle
 14190 | D:11     | Killed a boulder beetle
 14191 | D:11     | Reached XP level 13. HP: 99/106 MP: 20/20
 14685 | D:11     | Found a runed translucent gate.
 14685 | D:11     | Found a runed translucent gate.
 14685 | D:11     | Found a runed translucent gate.
 14702 | D:11     | Noticed an ettin
 14702 | D:11     | a slime creature changed into an ettin
 14703 | D:11     | Noticed a great orb of eyes
 14703 | D:11     | an ettin changed into a great orb of eyes
 14780 | D:11     | Noticed a quicksilver dragon
 14780 | D:11     | an iron troll changed into a quicksilver dragon
 14817 | D:12     | Noticed a five-headed hydra
 14919 | Lair:1   | Entered Level 1 of the Lair of Beasts
 14977 | Lair:1   | Reached skill level 10 in Bows
 15075 | Lair:1   | Found a white marble altar of Elyvilon.
 15090 | Lair:1   | Noticed a seven-headed hydra
 15095 | Lair:1   | Killed a seven-headed hydra
 15095 | Lair:1   | Reached ****** piety under Okawaru
 15095 | Lair:1   | Received a gift from Okawaru
 15795 | Lair:1   | Identified the +4 morningstar of the Cursing Hero {vorpal,
                  | rF+}
 16043 | Lair:2   | Identified the +4 great mace of Teagh {freeze, Fly MP+9
                  | Dex-4 Stlth+} (Okawaru gifted it to you on level 2 of the
                  | Lair of Beasts)
 16043 | Lair:2   | Received a gift from Okawaru
 16223 | Lair:2   | Found a hole to the Spider Nest.
 16901 | Lair:3   | Found a staircase to the Shoals.
 17126 | Lair:3   | Noticed Sonja
 17131 | Lair:3   | Killed Sonja
 17372 | Lair:4   | Noticed Amaemon
 17380 | Lair:4   | Killed Amaemon
 17449 | Lair:4   | Noticed Nergalle
 17460 | Lair:4   | Killed Nergalle
 17460 | Lair:4   | Received a gift from Okawaru
 17569 | Lair:4   | Found a gate leading to a gauntlet.
 17578 | Gauntlet | Entered a Gauntlet
 17578 | Gauntlet | Found a transporter.
 17588 | Gauntlet | Found a transporter.
 17591 | Gauntlet | Found a transporter.
 17592 | Gauntlet | Found a transporter.
 17600 | Gauntlet | Found a transporter.
 17603 | Gauntlet | Found a transporter.
 17604 | Gauntlet | Found a transporter.
 17608 | Gauntlet | Found a runed translucent door.
 17610 | Gauntlet | Found a runed translucent door.
 17612 | Gauntlet | Found a transporter.
 17615 | Gauntlet | Found a transporter.
 17616 | Gauntlet | Found a transporter.
 17624 | Gauntlet | Found a transporter.
 17627 | Gauntlet | Found a transporter.
 17628 | Gauntlet | Found a transporter.
 17630 | Gauntlet | Noticed a reaper
 17637 | Gauntlet | Found a transporter.
 17827 | Gauntlet | Killed a reaper
 17827 | Gauntlet | Received a gift from Okawaru
 17976 | Gauntlet | Noticed a minotaur
 18009 | Gauntlet | Killed a minotaur
 18009 | Gauntlet | Received a gift from Okawaru
 18114 | Gauntlet | Reached XP level 14. HP: 77/102 MP: 20/22
 19110 | Lair:5   | Identified the +7 hunting sling "Soutelur" {freeze, Int+3}
 19450 | Lair:5   | Identified the +1 chain mail of Misanthropy {Str+3}
                  | (Okawaru gifted it to you on level 5 of the Lair of Beasts)
 19450 | Lair:5   | Received a gift from Okawaru
 19773 | Lair:5   | Identified the +8 ice dragon scales of Yhotemm {rF- rC++
                  | Dex+2}
 20015 | D:3      | Killed PaleWalker's ghost
 20748 | Lair:6   | Entered Level 6 of the Lair of Beasts
 20982 | Lair:6   | Reached skill level 15 in Bows
 21034 | Lair:6   | Received a gift from Okawaru
 21055 | Lair:6   | Reached XP level 15. HP: 118/118 MP: 18/23
 21684 | Lair:6   | Found a staircase to the Slime Pits.
 22051 | Lair:6   | Identified the -4 cloak of Xaloam {rPois Will+ Str+2}
 22156 | Lair:6   | Identified the +4 quarterstaff of the Snake Pit {holy, MP+9
                  | Str+3 Dex-3 Stlth+} (Okawaru gifted it to you on level 6 of
                  | the Lair of Beasts)
 22156 | Lair:6   | Received a gift from Okawaru
 22470 | Lair:6   | Identified the +7 war axe "Soymn" {flame, Str+4}
 22471 | Lair:6   | Identified the +3 barding of Zizuttuug {*Slow rN++ Dex+9
                  | Stlth-}
 23068 | Orc:1    | Entered Level 1 of the Orcish Mines
 23093 | Orc:1    | Received a gift from Okawaru
 23180 | Orc:1    | Found Igacvi's General Store.
 23194 | Orc:1    | Bought a scroll of identify for 32 gold pieces
 23194 | Orc:1    | Bought a scroll of identify for 32 gold pieces
 23196 | Orc:1    | Bought 2 potions of heal wounds for 160 gold pieces
 23553 | Orc:2    | Entered Level 2 of the Orcish Mines
 23628 | Orc:2    | Found a radiant altar of Vehumet.
 23710 | Orc:2    | Found Qiarairu's Assorted Antiques.
 23784 | Orc:2    | Received a gift from Okawaru
 23916 | Orc:2    | Received a gift from Okawaru
 23958 | Orc:2    | Reached XP level 16. HP: 110/125 MP: 20/24
 24027 | Orc:2    | Identified the +0 ring mail "Ithir" {rC++ Will+ Stlth+}
                  | (Okawaru gifted it to you on level 2 of the Orcish Mines)
 24027 | Orc:2    | Received a gift from Okawaru
 24146 | Orc:2    | Found Obui's General Store.
 24230 | Orc:2    | Reached skill level 10 in Armour
 24298 | Orc:2    | Found Tudifeja's Book Shop.
 24307 | Orc:2    | Found Tuheith's Antique Armour Emporium.
 24307 | Orc:2    | Found a staircase to the Elven Halls.
 24315 | Orc:2    | Found Ecwejy's Antique Weapon Boutique.
 24540 | Orc:2    | Bought a pair of glowing boots for 277 gold pieces
 25087 | Orc:2    | Bought a potion of curing for 45 gold pieces
 25124 | Orc:2    | Bought a potion of curing for 87 gold pieces
 25143 | Orc:1    | Bought a scroll of immolation for 56 gold pieces
 25237 | D:12     | Reached skill level 10 in Staves
 25362 | D:12     | Reached skill level 1 in Dodging
 25446 | D:12     | Upgraded the game from 0.29-a0-251-g80730f7218 to
                  | 0.29-a0-266-gf56f883ddd
 25548 | D:12     | Got the Volume of the Creative Mountains
 26056 | D:12     | Identified a scroll of acquirement
 26057 | D:12     | Acquired the +7 tower shield of Relativism {rC- Dex+5
                  | Slay+2 SInv}
 26258 | D:12     | Reached skill level 4 in Shields
 26353 | D:13     | Noticed Rupert
 26366 | D:13     | Killed Rupert
 26367 | D:13     | Reached skill level 5 in Shields
 26521 | D:13     | Reached skill level 6 in Shields
 26552 | D:13     | Received a gift from Okawaru
 26612 | D:13     | Reached skill level 7 in Shields
 26886 | D:13     | Received a gift from Okawaru
 27091 | D:13     | Identified the +2 quarterstaff "Wogacecs" {vorpal, Str+5
                  | Dex+3}
 27142 | D:13     | Found Jana Cumme's Antique Armour Shoppe.
 27158 | D:13     | Reached skill level 8 in Shields
 27164 | D:13     | Bought a pair of runed gloves for 307 gold pieces
 27633 | D:14     | Reached XP level 17. HP: 131/131 MP: 25/25
 27803 | D:14     | Reached skill level 9 in Shields
 28248 | D:14     | Reached skill level 10 in Shields
 28558 | D:14     | Found a gate to the Vaults.
 28600 | D:14     | Reached skill level 11 in Shields
 29019 | D:15     | Entered Level 15 of the Dungeon
 29137 | D:15     | Received a gift from Okawaru
 29418 | D:15     | Noticed Roxanne
 29419 | D:15     | Noticed Josephine
 29423 | D:15     | Killed Josephine
 29461 | D:15     | Killed Roxanne
 29461 | D:15     | Received a gift from Okawaru
 29462 | D:15     | Reached skill level 12 in Shields
 29700 | D:15     | Found a staircase to the Depths.
 29767 | D:15     | Identified the +0 tower shield of Oghafi Vuaqi {Str+4}
                  | (Okawaru gifted it to you on level 15 of the Dungeon)
 29767 | D:15     | Received a gift from Okawaru
 29806 | D:15     | Found a sacrificial altar of Ru.
 30176 | D:15     | Reached skill level 13 in Shields
 30923 | Spider:1 | Entered Level 1 of the Spider Nest
 31119 | Spider:1 | Reached XP level 18. HP: 138/138 MP: 26/26
 31251 | Spider:1 | Reached skill level 14 in Shields
 31777 | Spider:1 | Acquired 520 gold pieces
 31887 | Spider:1 | Received a gift from Okawaru
 31901 | Spider:1 | Reached skill level 15 in Shields
 32458 | Spider:1 | Received a gift from Okawaru
 32624 | Spider:2 | Noticed Frances
 32648 | Spider:2 | Killed Frances
 32702 | Spider:2 | Noticed Mlioglotl
 32711 | Spider:2 | Killed Mlioglotl
 32982 | Spider:2 | Reached skill level 16 in Shields
 32994 | Spider:2 | Received a gift from Okawaru
 33946 | Spider:3 | Reached skill level 17 in Shields
 34765 | Spider:4 | Entered Level 4 of the Spider Nest
 34922 | Spider:4 | Reached XP level 19. HP: 143/143 MP: 27/27
 35254 | Spider:4 | Received a gift from Okawaru
 35448 | Spider:4 | Noticed Nikola
 35451 | Spider:4 | Reached skill level 18 in Shields
 35464 | Spider:4 | Killed Nikola
 35484 | Spider:4 | Identified the +14 tower shield of the Poles {+Inv Regen+
                  | Str+2} (Okawaru gifted it to you on level 4 of the Spider
                  | Nest)
 35484 | Spider:4 | Received a gift from Okawaru
 35762 | Spider:4 | Acquired a manual of Shields
 36211 | Spider:4 | Reached skill level 19 in Shields
 36220 | Spider:4 | Reached skill level 5 in Dodging
 36266 | Spider:4 | Got a gossamer rune of Zot
 36651 | Shoals:1 | Entered Level 1 of the Shoals
 37132 | Shoals:1 | Reached skill level 20 in Shields
 37585 | Shoals:1 | Identified the +0 ring mail of Deog Mis {Harm rN++ Will-
                  | SInv}
 37603 | Shoals:1 | Received a gift from Okawaru
 38009 | Shoals:2 | Reached XP level 20. HP: 155/155 MP: 28/28
 38032 | Shoals:2 | Received a gift from Okawaru
 38040 | Shoals:2 | Reached skill level 21 in Shields
 38282 | Shoals:2 | Received a gift from Okawaru
 38887 | Shoals:3 | Identified the +0 chain mail "Keoroaqe" {rF- Regen+ Str+5
                  | Int-2} (Okawaru gifted it to you on level 3 of the Shoals)
 38887 | Shoals:3 | Received a gift from Okawaru
 38895 | Shoals:3 | Noticed Polyphemus
 38913 | Shoals:3 | Killed Polyphemus
 38914 | Shoals:3 | Reached skill level 22 in Shields
 39143 | Shoals:3 | Found Buynul's Jewellery Shop.
 39159 | Shoals:3 | Bought the amulet of Vitality {Regen+ HP+15} for 1027 gold
                  | pieces
 39159 | Shoals:3 | Found the amulet of Vitality {Regen+ HP+15}
 39170 | Shoals:3 | Bought a +4 ring of evasion for 468 gold pieces
 39351 | Shoals:4 | Entered Level 4 of the Shoals
 39519 | Shoals:4 | Reached skill level 23 in Shields
 39775 | Shoals:4 | Identified the amulet of Otealod {Faith Will- Regen+ MP+9
                  | Dex+3}
 39795 | Shoals:4 | Found Ilamofrergh's Self-Improvement Boutique.
 39812 | Shoals:4 | Bought a manual of Fighting for 1600 gold pieces
 39928 | Shoals:4 | Got a barnacled rune of Zot
 39994 | Shoals:4 | Identified the +1 ring mail "Syocuq" {Str+8} (Okawaru
                  | gifted it to you on level 4 of the Shoals)
 39994 | Shoals:4 | Received a gift from Okawaru
 40181 | Shoals:4 | Identified the +2 scythe "Weim" {speed, rF- rC+ Will+
                  | rCorr}
 40922 | Vaults:1 | Entered Level 1 of the Vaults
 40981 | Vaults:1 | Reached XP level 21. HP: 165/165 MP: 29/29
 41234 | Vaults:1 | You fall into a shaft and drop 1 floor!
 41431 | Vaults:1 | Found Xoezauf's Magic Scroll Boutique.
 41535 | Vaults:1 | Reached skill level 15 in Fighting
 41535 | Vaults:1 | Reached skill level 10 in Evocations
 41601 | Vaults:1 | Identified the +5 ring mail "Puid" {Int+6}
 42526 | Vaults:2 | Found a staircase to the Crypt.
 42584 | Vaults:2 | Identified the +0 pair of gloves "Nibaaq" {-Cast rCorr
                  | Str+3} (Okawaru gifted it to you on level 2 of the Vaults)
 42584 | Vaults:2 | Received a gift from Okawaru
 43063 | Vaults:2 | Reached XP level 22. HP: 180/180 MP: 30/30
 43352 | Vaults:2 | Identified the +3 broad axe of Wodoko {vorpal, +Blink rC++}
 43458 | Vaults:2 | Reached skill level 10 in Dodging
 43807 | Vaults:2 | Received a gift from Okawaru
 43826 | Vaults:2 | Identified the -2 helmet "Vod Koc" {Slay+3}
 44237 | Vaults:3 | Received a gift from Okawaru
 44903 | Vaults:3 | Found a portal to a secret trove of treasure.
 45508 | Vaults:4 | Found a runed translucent gate.
 45508 | Vaults:4 | Found a runed translucent gate.
 45508 | Vaults:4 | Found a runed translucent gate.
 45509 | Vaults:4 | Noticed Xucon's ghost (adept DDBe)
 45511 | Vaults:4 | Found an iron altar of Okawaru.
 45737 | Vaults:4 | Reached XP level 23. HP: 192/192 MP: 31/31
 46827 | Elf:1    | Entered Level 1 of the Elven Halls
 46832 | Elf:1    | Received a gift from Okawaru
 47024 | Elf:1    | Found a crumbling gateway.
 47067 | Desolati | Entered the Desolation of Salt
 47120 | Desolati | Received a gift from Okawaru
 47160 | Desolati | Identified the -3 cloak of Amorous Freedom {Int+3}
 47201 | Desolati | Got Sif Muna's Volume of Creative Feathers
 47292 | Desolati | Received a gift from Okawaru
 47363 | Desolati | Got Giuthaaf's Grimoire of Sinister Magic
 47576 | Desolati | Received a gift from Okawaru
 47605 | Desolati | Identified the +3 hand axe of the Six Queens {speed, rPois
                  | rC+}
 47623 | Desolati | Identified the +9 dire flail "Gudops" {vorpal, rC- Int+10
                  | Stlth+}
 47644 | Desolati | Identified the +7 short sword "Qelodgh" {vorpal, rC+ rN+
                  | MP+9 Dex+2}
 47725 | Desolati | Identified the ring "Diemp" {rF+ Str+3 Stlth+}
 47844 | Desolati | Received a gift from Okawaru
 48036 | Desolati | Identified the +3 cloak of Entitlement {Str+9 Int-2}
                  | (Okawaru gifted it to you in the Desolation of Salt)
 48036 | Desolati | Received a gift from Okawaru
 48067 | Desolati | Got the Incunabulum of Twisted Calling
 48127 | Desolati | Reached skill level 15 in Armour
 48181 | Desolati | Identified the amulet "Myis" {Acrobat Fragile Regen+ Str+3}
 48509 | Elf:1    | Found Taurph's Antique Armour Shoppe.
 48512 | Elf:1    | Found Ring's General Store.
 48512 | Elf:1    | Found Ciron's Book Emporium.
 48518 | Elf:1    | Found Roureow's Jewellery Emporium.
 48525 | Elf:1    | Bought a ring of resist corrosion for 280 gold pieces
 48669 | Elf:1    | Found Inwussui's Distillery.
 48675 | Elf:1    | Bought a potion of ambrosia for 88 gold pieces
 48675 | Elf:1    | Bought a potion of heal wounds for 55 gold pieces
 48675 | Elf:1    | Bought a potion of heal wounds for 55 gold pieces
 48681 | Elf:1    | Noticed Jorgrun
 48702 | Elf:1    | Killed Jorgrun
 49002 | Elf:1    | Noticed Donald
 49011 | Elf:1    | Reached XP level 24. HP: 204/204 MP: 31/31
 49023 | Elf:1    | Killed Donald
 49282 | Elf:2    | Noticed Agnes
 49292 | Elf:2    | Killed Agnes
 49588 | Elf:2    | Found an ancient bone altar of Kikubaaqudgha.
 49758 | Elf:2    | Found a runed translucent gate.
 49758 | Elf:2    | Found a runed translucent gate.
 49758 | Elf:2    | Found a runed translucent gate.
 49911 | Elf:1    | Found a shimmering blue altar of Sif Muna.
 50204 | D:11     | Found a runed translucent gate.
 50204 | D:11     | Found a runed translucent gate.
 50211 | D:11     | Found a runed translucent gate.
 50211 | D:11     | Noticed dolemite99's ghost (journeyman TrFi)
 50222 | D:11     | Gained mutation: You are dopey. (Int -2) [a neqoxec]
 50228 | D:11     | Killed dolemite99's ghost
 50536 | Elf:3    | Entered Level 3 of the Elven Halls
 50584 | Elf:3    | Found a flickering gateway to a bazaar.
 50596 | Bazaar   | Entered a bazaar
 50596 | Bazaar   | Found Wischelur's General Store.
 50596 | Bazaar   | Found Vosmoos's Magic Scroll Shop.
 50596 | Bazaar   | Found Uzulia's Distillery.
 50596 | Bazaar   | Found Viur's Distillery.
 50596 | Bazaar   | Found Xoegaf's Distillery.
 50614 | Bazaar   | Bought a potion of heal wounds for 50 gold pieces
 50614 | Bazaar   | Bought a potion of ambrosia for 80 gold pieces
 50616 | Bazaar   | Bought a scroll of fog for 12 gold pieces
 50616 | Bazaar   | Bought a scroll of fog for 12 gold pieces
 50620 | Bazaar   | Bought a potion of heal wounds for 50 gold pieces
 50620 | Bazaar   | Bought a potion of invisibility for 80 gold pieces
 50630 | Bazaar   | Bought a potion of ambrosia for 112 gold pieces
 50630 | Bazaar   | Bought a potion of might for 56 gold pieces
 50630 | Bazaar   | Bought a potion of mutation for 112 gold pieces
 50963 | Elf:3    | Found a runed translucent door.
 51414 | Elf:3    | Reached skill level 15 in Evocations
 51444 | Elf:3    | Received a gift from Okawaru
 51591 | Elf:3    | Identified the ring "Mietz" {Will+ AC+4 Int+4}
 51602 | Elf:3    | Identified the ring of the Narrow Sultana {Will+ AC+4
                  | Slay+3}
 51662 | Elf:3    | Identified the +2 hand crossbow "Edyk" {elec, rPois Str+2
                  | Int+2 Dex-5}
 51662 | Elf:3    | Found the +3 pair of seven-league boots {Rampage+∞}
 51664 | Elf:3    | Identified the +1 leather armour of Good Intentions {rN+
                  | Int+4}
 51675 | Elf:3    | Got Bekhloeschest's Collected Works on Unholy Magic and
                  | Ignition
 51716 | Elf:3    | Identified the +3 leather armour of Niodun {rElec}
 51730 | Elf:3    | Identified the amulet of Beym {RegenMP rCorr Str+6 Slay-2}
 51747 | Elf:3    | Identified the +7 pearl dragon scales of Unic {rElec rN+
                  | Regen+}
 51791 | Elf:3    | Learned a level 2 spell: Wereblood
 51793 | Elf:3    | Learned a level 1 spell: Apportation
 51798 | Elf:3    | Learned a level 4 spell: Passage of Golubria
 52170 | Vaults:5 | Entered Level 5 of the Vaults
 52180 | Vaults:5 | Reached skill level 1 in Translocations
 52180 | Vaults:5 | Reached skill level 1 in Transmutations
 52191 | Vaults:5 | Identified the +0 pair of boots of the Hidden Vale {rPois
                  | rF+ rN+ Will+} (Okawaru gifted it to you on level 5 of the
                  | Vaults)
 52191 | Vaults:5 | Received a gift from Okawaru
 52234 | Vaults:5 | Reached skill level 5 in Transmutations
 52266 | Vaults:5 | Reached skill level 5 in Translocations
 52270 | Vaults:5 | Reached XP level 25. HP: 213/213 MP: 30/31
 52299 | Vaults:5 | Cast into level 4 of the Abyss (tengu reaver)
 52626 | Vaults:5 | Escaped the Abyss
 52629 | Vaults:5 | Noticed Saint Roka
 52634 | Arena    | Entered the Arena
 52651 | Arena    | Entered the Arena
 52662 | Arena    | Entered the Arena
 52827 | Vaults:4 | Received a gift from Okawaru
 52876 | Vaults:5 | Killed Saint Roka
 52915 | Vaults:5 | Received a gift from Okawaru
 53037 | Vaults:5 | Identified the +7 great sword of Mikeroe {vorpal, Int+4
                  | Dex+2}
 53181 | Vaults:5 | Identified the +3 rapier of Propriety {antimagic, +Blink
                  | rCorr Str+9 Int-2}
 53293 | Vaults:5 | Got a silver rune of Zot
 53396 | Vaults:5 | Identified the +8 short sword "Resmuad" {drain, rPois rC+
                  | Stlth+}
 53401 | Vaults:5 | Identified the ring of Hohake {+Blink Int+6}
 54207 | Shoals:4 | Bought a manual of Armour for 1600 gold pieces
 54472 | Depths:1 | Entered Level 1 of the Depths
 54594 | Depths:1 | Received a gift from Okawaru
 54711 | Depths:1 | Found a sparkling altar of Nemelex Xobeh.
 54711 | Depths:1 | Noticed Boris
 54723 | Depths:1 | Killed Boris
 54782 | Depths:1 | Found Xyvu's Book Shoppe.
 54783 | Depths:1 | Found Hinepru's Jewellery Boutique.
 54783 | Depths:1 | Found Paitwat's Jewellery Boutique.
 54835 | Depths:1 | Found a gateway to Hell.
 55016 | Depths:1 | Received a gift from Okawaru
 55234 | Depths:1 | Found a one-way gateway to a ziggurat.
 55653 | Depths:2 | Received a gift from Okawaru
 55834 | Depths:2 | Reached skill level 10 in Translocations
 55919 | Depths:2 | Reached XP level 26. HP: 220/220 MP: 31/31
 56257 | Depths:2 | Received a gift from Okawaru
 56510 | Depths:2 | Received a gift from Okawaru
 56532 | Depths:2 | Found the +4 Cigotuvi's embrace {rMiasma Drain rN+}
 56532 | Depths:2 | Found the +13 scythe of Curses {drain, Drain}
 56674 | Depths:2 | Found a bloodstained altar of Trog.
 56755 | Depths:2 | Found a one-way gate leading to the halls of Pandemonium.
 57161 | Depths:3 | Received a gift from Okawaru
 57353 | Depths:3 | Noticed an ancient lich
 57384 | Depths:3 | Killed an ancient lich
 57467 | Depths:3 | Learned a level 6 spell: Dispersal
 57578 | Depths:3 | Got the Grimoire of the Volcanoes and Hexes
 57853 | Depths:3 | Got Woesmueb's Catalogue of the Volcanoes
 57868 | Depths:3 | Found a one-way gate to the infinite horrors of the Abyss.
 57873 | Depths:3 | Noticed Louise
 57887 | Depths:3 | Killed Louise
 57887 | Depths:3 | Received a gift from Okawaru
 58415 | Depths:4 | Entered Level 4 of the Depths
 58471 | Depths:4 | Received a gift from Okawaru
 58629 | Depths:4 | Received a gift from Okawaru
 58661 | Depths:4 | Received a gift from Okawaru
 58675 | Depths:4 | Reached XP level 27. HP: 227/227 MP: 29/31
 58715 | Depths:4 | Identified the +5 quarterstaff of Pyxteos {elec, Str+4}
                  | (Okawaru gifted it to you on level 4 of the Depths)
 58715 | Depths:4 | Received a gift from Okawaru
 59052 | Depths:4 | Reached skill level 1 in Spellcasting
 59080 | Depths:4 | Reached skill level 5 in Throwing
 59139 | Depths:4 | Found a gate to the Realm of Zot.
 59855 | Zot:1    | Entered Level 1 of the Realm of Zot
 59898 | Zot:1    | Received a gift from Okawaru
 60274 | Zot:1    | Received a gift from Okawaru
 60285 | Zot:1    | Reached skill level 5 in Spellcasting
 60399 | Zot:2    | Noticed a Killer Klown
 60413 | Zot:2    | Killed a Killer Klown
 60532 | Zot:2    | Noticed a Killer Klown
 60532 | Zot:2    | Noticed a Killer Klown
 60548 | Zot:2    | Killed a Killer Klown
 60562 | Zot:2    | Reached skill level 10 in Throwing
 60582 | Zot:2    | Killed a Killer Klown
 60706 | Zot:3    | Noticed a Killer Klown
 60751 | Zot:3    | Killed a Killer Klown
 60968 | Zot:4    | Reached skill level 15 in Dodging
 61036 | Zot:4    | Identified the +3 leather armour "Zaullolal" {Harm rElec
                  | Dex+4}
 61141 | Zot:4    | Identified the +2 robe "Tecashez" {rCorr} (Okawaru gifted
                  | it to you on level 4 of the Realm of Zot)
 61141 | Zot:4    | Received a gift from Okawaru
 61293 | Zot:5    | Entered Level 5 of the Realm of Zot
 61901 | Zot:5    | Noticed a dread lich
 61913 | Zot:5    | Killed a dread lich
 61996 | Zot:5    | Noticed an orb of fire
 62010 | Zot:5    | Killed an orb of fire
 62012 | Zot:5    | Noticed an orb of fire
 62012 | Zot:5    | Noticed a dread lich
 62016 | Zot:5    | Gained mutation: You are weak. (Str -2) [an orb of fire]
 62017 | Zot:5    | Noticed a Killer Klown
 62024 | Zot:5    | Gained mutation: You have hidden genetic defects. [an orb
                  | of fire]
 62027 | Zot:5    | Killed an orb of fire
 62039 | Zot:5    | Killed a dread lich
 62039 | Zot:5    | Noticed a dread lich
 62050 | Zot:5    | Killed a Killer Klown
 62056 | Zot:5    | Killed a dread lich
 62056 | Zot:5    | Noticed an ancient lich
 62075 | Zot:5    | Killed an ancient lich
 62090 | Zot:5    | Received a gift from Okawaru
 62161 | Zot:5    | Gained mutation: Your magical capacity is low. (-10% MP)
                  | [hidden defects]
 62164 | Zot:5    | Lost mutation: You have hidden genetic defects. [potion of
                  | mutation]
 62164 | Zot:5    | Lost mutation: You are weak. (Str -2) [potion of mutation]
 62164 | Zot:5    | Lost mutation: Your magical capacity is low. (-10% MP)
                  | [potion of mutation]
 62164 | Zot:5    | Gained mutation: You have large cloven feet. [potion of
                  | mutation]
 62439 | Zot:5    | Got the Orb of Zot
 62700 | Depths:1 | Noticed Boris
 63021 | D:$      | Escaped with the Orb!

Illustrated notes

Levels and vault maps discovered:
D:1:      shiori_arrival_whats_in_store_for_you, layout_basic
D:2:      layout_loops_ring, hellmonk_ecumenical_altar_prayer_group,
          kennysheep_potato, uniq_terence
D:3:      layout_basic, gammafunk_ghost_icy, uniq_robin
D:4:      layout_loops_ring, gup_sewer_entry_bubbles,
          nicolae_ossuary_entry_giza, minmay_misc_feat_secret_circle,
          uniq_grinder
D:5:      layout_loops_ring, minmay_temple_entry_fiery, lemuel_flamethrower_2,
          uniq_eustachio, uniq_crazy_yiuf_cottage
D:6:      nicolae_cairo_tiling, layout_basic, lemuel_tele_altar,
          general_overflow_altar, nicolae_overflow_hidden_temple
D:7:      minmay_the_grid_octo_tiled_squarecenter [minmay_the_grid_octo_shrine,
          minmay_the_grid_octo_fan_narrow, minmay_the_grid_octo_teeth,
          minmay_the_grid_octo_pinwheel,
          minmay_the_grid_square_5x5_megaprize_crossed,
          minmay_the_grid_square_5x5_bite,
          minmay_the_grid_square_5x5_three_walls,
          minmay_the_grid_square_5x5_beaten_path,
          minmay_the_grid_square_5x5_six], layout_basic,
          mainiacjoe_overflow_tiny_flanked, chequers_serial_rivers_small_3,
          dreamdust_gnoll_shepherd, uniq_menkaure, uniq_harold, uniq_maggie
D:8:      layout_basic, due_lair_maze_entry_diamond
D:9:      layout_small_grid, tso_oasis_becter, nicolae_qazlal_scattered_showers,
          trog_three_pillars_becter
D:10:     layout_irregular_city, nzn_makhleb_speed_demon, erik_orc_1,
          abandoned_shop, minmay_nine_imps
D:11:     layout_roguey, ploomutoo_gammafunk_ghost_potion_laboratory,
          minmay_misc_feat_doors, minmay_beelzebubs_servants
D:12:     layout_cave_pools, minmay_fractal_squares_gapless_7
D:13:     layout_stronghold, kennysheep_diamond, st_stairs_10, uniq_rupert
D:14:     layout_stronghold, lightli_vaults_fourway_checkpoint,
          skrybe_limestone_x
D:15:     gammafunk_depths_entry_grave, layout_stronghold,
          nicolae_ru_the_path_less_chosen, uniq_roxanne, uniq_josephine
Temple:   eino_temple_lava
Lair:1:   layout_regular_city, nicolae_volcano_entry_vermiform, basic_altar,
          serial_bayou_lagoon_a
Lair:2:   layout_loops_ring, nicolae_spider_entry_orb_guardian
Lair:3:   layout_hall_layers, minmay_shoals_entry_hut, grunt_megastairs_4,
          uniq_sonja
Lair:4:   layout_gridlike, gauntlet_entry_generic, uniq_amaemon, uniq_nergalle
Lair:5:   layout_big_grid, serial_rivers, chequers_serial_rivers_micro_d,
          chequers_serial_rivers_small_a, chequers_serial_rivers_micro_b,
          chequers_serial_rivers_small_b, chequers_serial_rivers_small_b,
          bobbens_dragon_lair_wall, lemuel_fruit_tree
Lair:6:   hangedman_lair_tendril_chambers, layout_regular_city,
          hangedman_lair_in_review, slime_dummy
Shoals:1: layout_shoals, hangedman_shoal_volcano
Shoals:2: layout_shoals
Shoals:3: layout_shoals, serial_shops, shop, uniq_polyphemus
Shoals:4: shoals_end_grunt_garden, layout_shoals,
          nicolae_shoals_stone_sculpture_thing, nicolae_shop_self_help
Spider:1: layout_chambers, nicolae_spider_not_touching_you
Spider:2: layout_spider_delve, drop_trap, uniq_frances, uniq_mlioglotl
Spider:3: layout_spider_delve, hellmonk_test_site
Spider:4: spider_rune_water, uniq_nikola
Orc:1:    layout_diamond_mine, serial_shops, shop
Orc:2:    st_orc_open, layout_diamond_mine, basic_altar, serial_shops,
          nicolae_shop_advertising_works [nicolae_subvault_shop_adworks]
Elf:1:    layout_loops_corners, portal_desolation_entry_salt, serial_shops,
          shop, minivault_28, minmay_shoptagon, lemuel_upstairs_altar,
          uniq_jorgrun, uniq_donald
Elf:2:    elven_hall_of_blades_hangedman_original [nooodl_blade_entry_preview],
          layout_geoelf_diagonals, lemuel_statue_altar, uniq_louise, uniq_agnes
Elf:3:    minmay_elf_hall_dome, layout_gridlike, serial_shops, bzr_firewalk,
          nicolae_elf_big_sculpture_3, minivault_13
Vaults:1: vaults_mumra_bighexcomb, v_misc_33, v_misc_26, v_rooms_2,
          nicolae_vaults_rhombus_6, layout_vaults_quadrants, serial_shops,
          shop_statue
Vaults:2: vaults_standard_mumra_lines, blue_anna_dwarven_crypt,
          ontoclasm_vaults_eye, nicolae_vaults_branching_niches, v_misc_4,
          dpeg_vaults_monster_row, hangedman_vaults_capsules,
          ontoclasm_vaults_pinch, layout_vaults_omnicross
Vaults:3: gammafunk_ghost_crypt, vaults_mumra_minichess,
          nicolae_vaults_little_squares_6, nicolae_vaults_three_branches,
          vaults_room_semicircle, nicolae_vaults_circle_grid_a,
          hangedman_vaults_corner, nicolae_vaults_little_squares_3,
          nicolae_vaults_ninety_degrees, nicolae_vaults_network_barrier,
          v_rooms_4, v_misc_22, nicolae_vaults_theta, serial_ice_m,
          vaults_dpeg_encased_lava, layout_vaults_omnibox,
          nicolae_trove_entry_isolated
Vaults:4: gammafunk_ghost_fury_of_okawaru, v_misc_30,
          vaults_mumra_minichess_inversion, ontoclasm_vaults_chip,
          vaults_room_pools, ontoclasm_vaults_twist, grunt_vaults_focal,
          v_misc_18, nicolae_vaults_know_your_exits, v_misc_22,
          hangedman_vaults_stagger, ontoclasm_vaults_hangar,
          ontoclasm_vaults_fault, vaults_dpeg_cross,
          nicolae_vaults_windows_and_doors_thing, layout_vaults_ring
Vaults:5: uniq_saint_roka
Depths:1: layout_cave_shapes, enter_ziggurat_b, hangedman_coc_ice_floe,
          serial_bayou_pond_e, nemelex_lonely_heart_becter, grunt_megastairs_5,
          minmay_shop_grove, firewood_loft, serial_bayou_shore_b
Depths:2: minmay_split_circle, layout_basic, grunt_pan_entry_zigzag,
          lemuel_crystal_altar, pf_dread_powers_of_hell
Depths:3: minmay_dotted_concentric_squares, layout_gridville,
          nicolae_abyss_entry_one_way_or_another, rand_demon_pan_entry_4,
          special_room [special_room_magic_class], hell_entry,
          hangedman_abyss_or_decor_jellyfish_corner,
          infiniplex_staircase_hallway_doors
Depths:4: evilmike_zot_entry_hall, layout_basic, abyss_entry_crystal,
          roderic_serpentine_path, hell_entry, pan_entry,
          minmay_fractal_squares_diagonal_5
Zot:1:    layout_misc_corridors, lemuel_baited_zot_trap, zot_minivault_4
Zot:2:    grunt_zot_stairs_faceoff, layout_twisted_circle, uniq_josephina
Zot:3:    layout_onion_interference, gammafunk_ghost_grave,
          st_small_dragon_hoard_1
Zot:4:    hangedman_snap_crack_crunch, layout_onion_interference
Zot:5:    layout_misc_corridors

Skill      XL: |  1  2  3  4  5  6  7  8  9 10 11 12 13 14 15 16 17 18 19 20 21 22 23 24 25 26 27 |
---------------+----------------------------------------------------------------------------------+-----
Staves         | 3 4 5 6 9 11 13 14 | 14.0
Evocations     | 2 4 5 7 9 11 13 14 15 | 15.0
Fighting       | 4 5 7 9 11 12 14 16 18 20 21 | 21.6
Throwing       | 2 3 13 | 13.6
Invocations    | 3 4 5 10 11 13 | 13.0
Armour         | 5 9 10 12 13 15 16 18 21 22 | 22.1
Bows           | 2 7 9 12 15 16 | 16.0
Dodging        | 3 6 8 9 11 12 13 16 | 16.2
Shields        | 8 13 17 20 23 | 23.5
Translocations | 5 10 13 14 | 14.4
Transmutations | 6 9 |  9.5
Spellcasting   | 6 |  6.0

Action                   |  1- 3 |  4- 6 |  7- 9 | 10-12 | 13-15 | 16-18 | 19-21 | 22-24 | 25-27 || total
-------------------------+-------+-------+-------+-------+-------+-------+-------+-------+-------++-------
Melee: Quarterstaff      |    87 |   199 |   481 |   131 |       |       |       |       |       ||   898
       Lajatang          |       |       |       |       |   182 |   818 |  1093 |  1568 |  2059 ||  5720
       Shortbow          |       |       |       |       |       |       |       |       |     8 ||     8
       Unarmed           |       |       |       |       |       |       |       |       |     3 ||     3
 Fire: Shortbow          |       |       |       |   541 |   967 |   744 |  1052 |   218 |   336 ||  3858
Throw: Boomerang         |       |       |    12 |       |       |       |       |       |       ||    12
       Dart              |       |       |       |       |     1 |       |       |       |       ||     1
       Javelin           |       |       |       |       |       |       |       |       |     1 ||     1
 Cast: Wereblood         |       |       |       |       |       |       |       |       |    37 ||    37
       Passage of Golubr |       |       |       |       |       |       |       |       |     7 ||     7
       Apportation       |       |       |       |       |       |       |       |       |    10 ||    10
Invok: Heroism           |       |       |       |    11 |    14 |    22 |    16 |    13 |    21 ||    97
       Finesse           |       |       |       |     3 |     7 |     9 |     9 |     6 |     8 ||    42
       Duel              |       |       |       |       |       |       |       |       |     3 ||     3
 Abil: Dig               |       |       |       |     2 |     2 |     1 |       |       |       ||     5
       Evoke Invisibilit |       |       |       |       |     1 |       |       |     1 |       ||     2
Evoke: Wand              |       |       |     9 |    11 |     7 |       |     2 |     3 |    13 ||    45
       Phial of floods   |       |       |       |       |       |     1 |     1 |     2 |       ||     4
       Condenser vane    |       |       |       |       |       |       |     1 |     1 |     2 ||     4
       Tin of tremorston |       |       |       |       |       |       |       |     2 |     2 ||     4
       Lightning rod     |       |       |       |       |       |       |       |       |     4 ||     4
  Use: Scroll            |     2 |       |     8 |    10 |    14 |     5 |     3 |     1 |     5 ||    48
       Potion            |     1 |       |     2 |       |     4 |     1 |       |     5 |    18 ||    31
 Stab: Paralysed         |       |       |     7 |    10 |       |       |       |       |       ||    17
       Petrified         |       |       |       |       |     2 |       |       |       |       ||     2
       Invisible         |       |       |       |       |       |     2 |       |     7 |       ||     9
Armor: Scale mail        |    28 |    92 |   220 |   130 |    93 |       |       |       |       ||   563
       Ice dragon scales |       |       |       |       |   120 |   265 |   212 |    92 |       ||   689
       Pearl dragon scal |       |       |       |       |       |       |       |    21 |   495 ||   516
Dodge: Dodged            |    31 |    77 |   194 |   108 |   157 |   150 |   261 |   191 |   650 ||  1819
Block: Buckler           |     7 |    32 |    69 |    52 |    67 |    34 |       |       |       ||   261
       Tower shield      |       |       |       |       |       |   719 |  1404 |  1158 |  2330 ||  5611

Table legend: (Time is in decaauts)
 A = Elapsed time spent in this place.
 B = Non-inter-level travel time spent in this place.
 C = Inter-level travel time spent in this place.
 D = Time resting spent in this place.
 E = Time spent auto-exploring this place.
 F = Levels seen in this place.
 G = Mean time per level.
                   A        B        C        D        E       F      G
               +--------+--------+--------+--------+--------+-----+--------+
         Total |  59035 |  53286 |   5749 |   8230 |  28227 |  58 | 1017.8 |
       Dungeon |  20861 |  18257 |   2604 |   4428 |   9125 |  15 | 1390.7 |
        Temple |    135 |    112 |     23 |      0 |     47 |   1 |  135.0 |
          Lair |   7056 |   6296 |    760 |   1188 |   3688 |   6 | 1176.0 |
        Shoals |   4024 |   3694 |    330 |    236 |   2041 |   4 | 1006.0 |
   Spider Nest |   5177 |   5018 |    159 |    502 |   3228 |   4 | 1294.2 |
  Orcish Mines |   2256 |   1645 |    611 |    308 |    917 |   2 | 1128.0 |
   Elven Halls |   3119 |   2699 |    420 |    137 |   1579 |   3 | 1039.7 |
        Vaults |   6193 |   5862 |    331 |    258 |   3643 |   5 | 1238.6 |
        Depths |   4969 |   4624 |    345 |    140 |   3177 |   4 | 1242.2 |
           Zot |   2165 |   2003 |    162 |    272 |    234 |   5 |  433.0 |
         Abyss |    276 |    276 |      0 |      5 |     17 |   1 |  276.0 |
        Bazaar |     39 |     39 |      0 |      0 |     16 |   1 |   39.0 |
         Sewer |    759 |    759 |      0 |    343 |    128 |   1 |  759.0 |
       Ossuary |    329 |    329 |      0 |      0 |    144 |   1 |  329.0 |
    Desolation |    990 |    990 |      0 |     74 |    126 |   1 |  990.0 |
      Gauntlet |    648 |    648 |      0 |    334 |    116 |   1 |  648.0 |
         Arena |     33 |     33 |      0 |      4 |      0 |   3 |   11.0 |
               +--------+--------+--------+--------+--------+-----+--------+

Top non-repeatable levels by time:
     D:7: 2776 daAuts
     D:5: 2113 daAuts
  Lair:6: 1980 daAuts
    D:14: 1685 daAuts
    D:15: 1619 daAuts
Spider:4: 1580 daAuts
   Orc:2: 1504 daAuts
Spider:1: 1488 daAuts
     D:6: 1391 daAuts
Vaults:2: 1386 daAuts
  Lair:5: 1366 daAuts
Vaults:4: 1320 daAuts
     D:2: 1295 daAuts
Depths:4: 1288 daAuts
    D:10: 1283 daAuts
